 Dungeon Crawl Stone Soup version 0.30-a0-782-ge64f9170bb (webtiles) character file.

Game seed: 5736530370540551280

323 NotreDorf the Insei (level 6, -7/47 HPs)
             Began as a Merfolk Transmuter on Feb 18, 2023.
             Mangled by Duvessa
             ... wielding a +0 short sword
              (11 damage)
             ... on level 4 of the Dungeon.
             The game lasted 00:14:12 (3645 turns).

NotreDorf the Insei (Merfolk Transmuter)            Turns: 3645, Time: 00:14:12

Health: -7/47      AC:  2    Str: 10    XL:     6   Next: 47%
Magic:  6/10       EV: 22    Int: 12    God:
Gold:   209        SH:  0    Dex: 22    Spells: 2/10 levels left

rFire   . . .      SeeInvis .      - Unarmed
rCold   . . .      Faith    .    (shield currently unavailable)
rNeg    . . .      Spirit   .    (body armour currently unavailable)
rPois   x          Reflect  .    (helmet currently unavailable)
rElec   .          Harm     .    (cloak currently unavailable)
rCorr   .          Rampage  .    (gloves currently unavailable)
Will    .....                    (boots currently unavailable)
Stlth   ++                       (no amulet)
HPRegen 0.27/turn                (no ring)
MPRegen 0.12/turn                (no ring)

@: spider-form
A: venomous fangs, tiny, (nimble swimmer 2), (mertail)
a: End Transformation


You were on level 4 of the Dungeon.
You were a venomous arachnid creature.
You visited 1 branch of the dungeon, and saw 4 of its levels.

You collected 209 gold pieces.

Inventory:

Hand Weapons
 m - a +2 hand axe of venom
Armour
 q - a +2 pair of boots (melded)
 t - a +3 leather armour of positive energy (melded)
Jewellery
 y - an amulet of the acrobat
Wands
 r - a wand of polymorph (10)
 s - a wand of paralysis (3)
 x - a wand of flame (12)
Scrolls
 a - a scroll of vulnerability {unknown}
 d - 2 scrolls of blinking {unknown}
 e - 3 scrolls of teleportation {unknown}
 g - 3 scrolls of identify {unknown}
 i - 3 scrolls of immolation {unknown}
 n - 2 scrolls of fog {unknown}
 v - a scroll of amnesia {unknown}
 w - a scroll of enchant weapon {unknown}
Potions
 b - a potion of lignification
 c - 3 potions of berserk rage {unknown}
 f - 5 potions of heal wounds {unknown}
 h - a potion of haste
 j - a potion of attraction {unknown}
 k - a potion of curing {unknown}
 l - 2 potions of invisibility {unknown}
 o - a potion of magic {unknown}
 p - 4 potions of cancellation {unknown}
 u - a potion of mutation {unknown}


   Skills:
 + Level 3.1 Fighting
 + Level 4.2 Dodging
 + Level 4.3 Unarmed Combat
 + Level 2.9 Spellcasting
 + Level 4.1 Transmutations
 + Level 1.2 Air Magic
 + Level 1.6 Poison Magic


You had 2 spell levels left.
You knew the following spells:

 Your Spells              Type           Power      Damage    Failure   Level
a - Beastly Appendage     Tmut           22%        N/A       14%         1
b - Wereblood             Tmut           11%        N/A       19%         2
c - Poisonous Vapours     Pois/Air       10%        N/A       41%         2
d - Spider Form           Tmut/Pois      8%         N/A       43%         3

Your spell library contained the following spells:

 Spells                   Type           Power      Damage    Failure   Level
 Cigotuvi's Dreadful Rot  Necr/Pois/Air  8%         N/A       47%         2
 Blink                    Tloc           2%         N/A       58%         2
 Mephitic Cloud           Conj/Pois/Air  4%         N/A       67%         3
 Ice Form                 Ice/Tmut       6%         N/A       87%         4
 Manifold Assault         Tloc           1%         N/A       98%         4
 Storm Form               Tmut/Air       4%         N/A       100%        7


Dungeon Overview and Level Annotations

Branches:
Dungeon (4/15)
 Temple: D:4-7

Altars:
The Shining One

Shops:
D:1 [

Annotations:
D:3 1 runed translucent door, Crazy Yiuf
D:4 Duvessa


Innate Abilities, Weirdness & Mutations

You are a venomous arachnid creature.
You have venomous fangs.
You are tiny and dextrous.
Your spellcasting is less reliable in this form.
Your armour is entirely melded.
You are incapable of wielding weapons or throwing items.
((You are very nimble when in or above water. (Stealth+, EV+, Speed+++)))
((Your lower body shifts to a powerful aquatic tail in water.))


Message History

a +2 dagger of venom; a +0 robe; the elf corpse of Dowan You start resting.
You feel sick. x3
Your horns disappear.
Your +2 pair of boots unmelds from your body.
You feel sick.
You start resting.
You feel sick. x3
You are no longer poisoned.
You are no longer glowing.
Magic restored.
HP restored.
Duvessa, Sister of Dowan comes into view.
She is wielding a +0 short sword.
Duvessa goes berserk!
Duvessa moves out of view.
Duvessa rages.
Casting: Beastly Appendage (safe; 6% risk of failure)
Confirm with . or Enter, or press ? or * to list all spells.
You grow a pair of large bovine horns.
Your +2 pair of boots melds into your body.
Duvessa hits you with a +0 short sword. x2
Casting: Beastly Appendage (safe; 6% risk of failure)
Confirm with . or Enter, or press ? or * to list all spells.
The spell is quite dangerous to miscast (30% risk of failure)!
Continue anyway?
Your horns disappear.
Your +2 pair of boots unmelds from your body.
You turn into a venomous arachnid creature.
Your +2 pair of boots melds into your body.
Your +3 leather armour of positive energy melds into your body.
You feel less protected from negative energy.
Duvessa barely misses you.
You hit Duvessa but do no damage.
Duvessa is poisoned.
Duvessa hits you with a +0 short sword!
You hit Duvessa but do no damage.
Duvessa looks as sick as possible!
Duvessa is lightly wounded.
Duvessa hits you with a +0 short sword!!
* * * LOW HITPOINT WARNING * * *
Duvessa hits you with a +0 short sword!
* * * LOW HITPOINT WARNING * * *
You barely miss Duvessa.
Duvessa is lightly wounded.
Duvessa hits you with a +0 short sword!
You die...

#### ... #..
####..##
#.......
.#..#...#
........###.#
......es....#
##.##.#.#####
#.##.#.#
#......#
####.### .
#.# ...
####.# ...
#....# ...
#.#### ...


You could see Duvessa (berserk, extremely poisoned).

Vanquished Creatures
  Dowan (D:4)
  2 hounds (D:4)
  Ijyb (D:3)
  Natasha (twice) (D:3)
  2 adders
  3 gnolls
  2 worms
  5 dart slugs
  3 orcs
  2 ball pythons (D:1)
  A bat (D:1)
  5 endoplasms
  4 giant cockroaches
  11 goblins
  5 hobgoblins
  5 jackals (D:3)
  5 quokkas
  5 frilled lizards
  8 kobolds
  6 rats
78 creatures vanquished.

Vanquished Creatures (others)
  A fungus (D:3)
  5 toadstools (D:1)
6 creatures vanquished.

Grand Total: 84 creatures vanquished

Notes
Turn   | Place    | Note
-------+----------+-------------------------------------------
     0 | D:1      | NotreDorf the Merfolk Transmuter began the quest for the
                  | Orb.
     0 | D:1      | Reached XP level 1. HP: 15/15 MP: 3/3
    83 | D:1      | Reached XP level 2. HP: 19/21 MP: 3/5
   588 | D:1      | Reached XP level 3. HP: 26/26 MP: 4/6
   612 | D:1      | Found Xotzan's Antique Armour Emporium.
  1321 | D:2      | Reached XP level 4. HP: 6/33 MP: 5/7
  1497 | D:2      | You fall into a shaft and drop 2 floors!
  1631 | D:3      | Learned a level 2 spell: Wereblood
  1634 | D:3      | Learned a level 2 spell: Poisonous Vapours
  2335 | D:3      | Noticed Natasha
  2338 | D:3      | Reached XP level 5. HP: 30/39 MP: 6/8
  2344 | D:3      | Killed Natasha
  2345 | D:3      | Reached skill level 1 in Poison Magic
  2637 | D:3      | Found a glowing golden altar of the Shining One.
  2785 | D:3      | Noticed Ijyb
  2795 | D:3      | Paralysed by Ijyb for 4 turns
  2803 | D:3      | Paralysed by Ijyb for 3 turns
  2822 | D:3      | Paralysed by Ijyb for 3 turns
  2831 | D:3      | Killed Ijyb
  3025 | D:3      | Noticed Natasha
  3031 | D:3      | Killed Natasha
  3032 | D:3      | Reached skill level 1 in Air Magic
  3091 | D:3      | Found a runed translucent door.
  3092 | D:3      | Noticed Crazy Yiuf
  3100 | D:3      | Learned a level 3 spell: Spider Form
  3337 | D:4      | Reached XP level 6. HP: 46/46 MP: 8/10
  3475 | D:4      | Noticed Dowan
  3503 | D:4      | Killed Dowan
  3637 | D:4      | Noticed Duvessa
  3645 | D:4      | Mangled by Duvessa

Illustrated notes

Levels and vault maps discovered:
D:1:      ldierk_walled_garden, layout_basic, serial_shops, nicolae_shop_stone,
          hangedman_decor_lopped, minmay_surrounded
D:2:      layout_basic
D:3:      kennysheep_goblin_castle, layout_loops_ring, tso_oasis_becter,
          uniq_natasha, uniq_crazy_yiuf_cottage
D:4:      layout_loops_cross, uniq_duvessa

Skill      XL: |  1  2  3  4  5  6 |
---------------+-------------------+-----
Transmutations | 3 4 |  4.1
Dodging        | 3 4 |  4.2
Fighting       | 2 3 |  3.1
Unarmed Combat | 4 |  4.3
Poison Magic   | 1 |  1.6
Air Magic      | 1 |  1.2
Spellcasting   | |  2.9

Action                     |  1- 3 |  4- 6 || total
---------------------------+-------+-------++-------
  Melee: Unarmed           |    98 |   177 ||   275
         Headbutt          |    12 |    31 ||    43
         Punch             |     3 |     5 ||     8
         Tailslap          |       |     1 ||     1
   Cast: Beastly Appendage |    23 |    31 ||    54
         Wereblood         |       |     2 ||     2
         Poisonous Vapours |       |     3 ||     3
         Spider Form       |       |     1 ||     1
   Stab: Sleeping          |     2 |     2 ||     4
 Armour: Robe              |    17 |    22 ||    39
         Leather armour    |       |     9 ||     9
  Dodge: Dodged            |    57 |   106 ||   163

Table legend: (Time is in decaauts)
 A = Elapsed time spent in this place.
 B = Non-inter-level travel time spent in this place.
 C = Inter-level travel time spent in this place.
 D = Time resting spent in this place.
 E = Time spent auto-exploring this place.
 F = Levels seen in this place.
 G = Mean time per level.
                   A        B        C        D        E       F      G
               +--------+--------+--------+--------+--------+-----+--------+
         Total |   3617 |   3517 |    100 |    370 |   2389 |   4 |  904.2 |
       Dungeon |   3617 |   3517 |    100 |    370 |   2389 |   4 |  904.2 |
               +--------+--------+--------+--------+--------+-----+--------+

Top non-repeatable levels by time:
     D:3: 1604 daAuts
     D:1: 838 daAuts
     D:2: 652 daAuts
     D:4: 522 daAuts
